| TOP OF THE 1ST |
|
Stanford University Cardinal batting - Pitching for University of South Carolina Gamecocks : RHP Jayden Ross
|
|
Pitching: RHP Jayden Ross
|
|
|
Batting: RHB Joe Gabriel
|
0-0: Swinging Strike 0-1: Ground out 5-3 (Groundball, 56, EV 85.6 MPH)
|
|
Batting: RHB Troy Bush
|
0-0: Called Strike 0-1: Foul Ball, location: 2F 0-2: Foul Ball, location: 2F 0-2: Foul Ball, location: 2F 0-2: Foul Ball, location: 2F 0-2: Foul Ball, location: 2F 0-2: Strikes out swinging
|
|
Batting: RHB Guillermo Puente
|
0-0: Called Strike 0-1: Ball 1-1: Fly out, F8 (Flyball, 8LM, EV 83.1 MPH)
|
| Top of the 1st over - 0 runs, 0 hits, 0 errors, 0 left on base; Stanford University 0 - University of South Carolina 0 |
| BOTTOM OF THE 1ST |
|
University of South Carolina Gamecocks batting - Pitching for Stanford University Cardinal : RHP Jesus Hernandez
|
|
Pitching: RHP Jesus Hernandez
|
|
|
Batting: RHB Mike Chiquete
|
0-0: Ball 1-0: Ball 2-0: Ball 3-0: Called Strike 3-1: Foul Ball, location: 2F 3-2: Foul Ball, location: 2F 3-2: Base on Balls
|
|
Batting: RHB Emanuel Estrada
|
0-0: Called Strike 0-1: Ball 1-1: Ball 2-1: Foul Ball, location: 2F 2-2: Foul Ball, location: 2F 2-2: Strikes out swinging
|
|
Batting: RHB Mike Berzins
|
0-0: Ball 1-0: Ground out 5-3 (Groundball, 56S, EV 70.0 MPH) Mike Chiquete to second
|
|
Batting: LHB Jose Mafano
|
0-0: Called Strike 0-1: Swinging Strike 0-2: Foul Ball, location: 2F 0-2: Fly out, F9 (Line Drive, 9, EV 83.1 MPH)
|
| Bottom of the 1st over - 0 runs, 0 hits, 0 errors, 1 left on base; Stanford University 0 - University of South Carolina 0 |
| TOP OF THE 2ND |
|
Stanford University Cardinal batting - Pitching for University of South Carolina Gamecocks : RHP Jayden Ross
|
|
Batting: SHB Danny Gallegos
|
0-0: Ball 1-0: Fly out, F8 (Flyball, 8RM, EV 94.4 MPH)
|
|
Batting: RHB Trent Spivey
|
0-0: Called Strike 0-1: Swinging Strike 0-2: Fly out, F9 (Flyball, 9LD, EV 105.0 MPH)
|
|
Batting: RHB Ryan Jennings
|
0-0: Ball 1-0: Ball 2-0: Ball 3-0: Base on Balls
|
|
Batting: RHB Jose Garduno
|
0-0: Called Strike 0-1: Ball 1-1: Fly out, F8 (Flyball, 8LD, EV 100.0 MPH)
|
| Top of the 2nd over - 0 runs, 0 hits, 0 errors, 1 left on base; Stanford University 0 - University of South Carolina 0 |
| BOTTOM OF THE 2ND |
|
University of South Carolina Gamecocks batting - Pitching for Stanford University Cardinal : RHP Jesus Hernandez
|
|
Batting: RHB Danny Rodriguez
|
0-0: Ball 1-0: Ball 2-0: SOLO HOME RUN (Line Drive, 7LD, EV 101.2 MPH), Distance : 396 ft
|
|
Batting: LHB Bruce Daley
|
0-0: SINGLE (Groundball, 34D, EV 102.5 MPH)
|
|
Batting: RHB Pablo Henriquez
|
0-0: Ball 1-0: SINGLE (Groundball, 4MD, EV 98.8 MPH) Bruce Daley to second
|
|
Batting: RHB Colin Morris
|
0-0: Ball 1-0: Fly out, F8 (Flyball, 8RXD, EV 93.8 MPH) Runner from 2nd tags up, SAFE at 3rd, no throw by CF
|
|
Batting: RHB Christopher Arnett
|
0-0: Foul Ball, location: 2F 0-1: Ball 1-1: Fly out, F9 (Flyball, 9, EV 84.4 MPH) Runner from 3rd tags up, SCORES, throw by RF
|
|
Batting: RHB Mike Chiquete
|
0-0: Ball Pablo Henriquez steals 2nd base 1-0: Fly out, F8 (Flyball, 8LM, EV 95.6 MPH)
|
| Bottom of the 2nd over - 2 runs, 3 hits, 0 errors, 1 left on base; Stanford University 0 - University of South Carolina 2 |
| TOP OF THE 3RD |
|
Stanford University Cardinal batting - Pitching for University of South Carolina Gamecocks : RHP Jayden Ross
|
|
Batting: LHB Bob Neale
|
0-0: Foul Ball, location: 2F 0-1: Ball 1-1: Reached on error, E4 (Groundball, 4S, EV 80.6 MPH)
|
|
Batting: RHB Soichi Kaneshiro
|
0-0: Ball 1-0: Ball 2-0: Foul Ball, location: 2F 2-1: Swinging Strike 2-2: Grounds into double play, 6-4-3 (Groundball, 6, EV 107.5 MPH)
|
|
Batting: RHB Joe Gabriel
|
0-0: Called Strike 0-1: Foul Ball, location: 2F 0-2: Ball 1-2: Ball 2-2: Ground out U3 (Groundball, 34S, EV 87.5 MPH)
|
| Top of the 3rd over - 0 runs, 0 hits, 1 error, 0 left on base; Stanford University 0 - University of South Carolina 2 |
| BOTTOM OF THE 3RD |
|
University of South Carolina Gamecocks batting - Pitching for Stanford University Cardinal : RHP Jesus Hernandez
|
|
Batting: RHB Emanuel Estrada
|
0-0: Ball 1-0: Called Strike 1-1: Foul Ball, location: 2F 1-2: Ball 2-2: Reached on error, E4 (Groundball, 4, EV 85.6 MPH)
|
|
Batting: RHB Mike Berzins
|
0-0: Ball 1-0: Fly out, F9 (Flyball, 9LS, EV 80.0 MPH)
|
|
Batting: LHB Jose Mafano
|
0-0: Ball 1-0: Ball 2-0: DOUBLE (Flyball, 8LD, EV 93.8 MPH) Emanuel Estrada to third
|
|
Batting: RHB Danny Rodriguez
|
0-0: Ball 1-0: Foul Ball, location: 2F 1-1: Foul Ball, location: 2F 1-2: Foul Ball, location: 2F 1-2: SINGLE (Line Drive, 6D, EV 105.0 MPH) Emanuel Estrada scores Jose Mafano to third
|
|
Batting: LHB Bruce Daley
|
0-0: Foul Ball, location: 2F 0-1: Swinging Strike 0-2: Ball 1-2: Ground out 6-3 (Groundball, P, EV 83.1 MPH) Jose Mafano scores Danny Rodriguez to second
|
|
Batting: RHB Pablo Henriquez
|
0-0: Ball 1-0: Called Strike 1-1: Ball 2-1: SINGLE (Groundball, 4S, EV 66.2 MPH) (infield hit) Danny Rodriguez to third
|
|
Batting: RHB Colin Morris
|
0-0: Called Strike 0-1: Ball 1-1: Fly out, F3 (Popup, 3F, EV 75.0 MPH)
|
| Bottom of the 3rd over - 2 runs, 3 hits, 1 error, 2 left on base; Stanford University 0 - University of South Carolina 4 |
| TOP OF THE 4TH |
|
Stanford University Cardinal batting - Pitching for University of South Carolina Gamecocks : RHP Jayden Ross
|
|
Batting: RHB Troy Bush
|
0-0: Ball 1-0: Ball 2-0: Called Strike 2-1: Foul Ball, location: 2F 2-2: Fly out, F9 (Flyball, 9, EV 84.4 MPH)
|
|
Batting: RHB Guillermo Puente
|
0-0: Ball 1-0: Ground out 4-3 (Groundball, 4, EV 82.5 MPH)
|
|
Batting: SHB Danny Gallegos
|
0-0: Ball 1-0: Ball 2-0: Ball 3-0: Base on Balls
|
|
Batting: RHB Trent Spivey
|
0-0: Ball Danny Gallegos steals 2nd base 1-0: Swinging Strike 1-1: Foul Ball, location: 2F 1-2: Ball 2-2: Ball 3-2: Fly out, F9 (Line Drive, 9, EV 86.9 MPH)
|
| Top of the 4th over - 0 runs, 0 hits, 0 errors, 1 left on base; Stanford University 0 - University of South Carolina 4 |
| BOTTOM OF THE 4TH |
|
University of South Carolina Gamecocks batting - Pitching for Stanford University Cardinal : RHP Jesus Hernandez
|
|
Batting: RHB Christopher Arnett
|
0-0: Called Strike 0-1: DOUBLE (Groundball, 5L, EV 109.4 MPH)
|
|
Batting: RHB Mike Chiquete
|
0-0: Fly out, F8 (Flyball, 8LD, EV 95.0 MPH)
|
|
Batting: RHB Emanuel Estrada
|
0-0: Called Strike 0-1: DOUBLE (Line Drive, 78D, EV 104.4 MPH) Christopher Arnett scores
|
|
Pitching: LHP Chris Hoebing
|
|
|
Batting: RHB Mike Berzins
|
0-0: Ball 1-0: Called Strike 1-1: Ball 2-1: Called Strike 2-2: Ground out 6-3 (Groundball, 6, EV 81.9 MPH)
|
|
Batting: LHB Jose Mafano
|
0-0: Ball 1-0: Ball 2-0: Ball 3-0: Base on Balls
|
|
Batting: RHB Danny Rodriguez
|
0-0: Ground out 5-3 (Groundball, 5S, EV 78.8 MPH)
|
| Bottom of the 4th over - 1 run, 2 hits, 0 errors, 2 left on base; Stanford University 0 - University of South Carolina 5 |
| TOP OF THE 5TH |
|
Stanford University Cardinal batting - Pitching for University of South Carolina Gamecocks : RHP Jayden Ross
|
|
Batting: RHB Ryan Jennings
|
0-0: Ball 1-0: Ball 2-0: Foul Ball, location: 2F 2-1: Ground out 6-3 (Groundball, 6M, EV 80.6 MPH)
|
|
Batting: RHB Jose Garduno
|
0-0: Foul Ball, location: 2F 0-1: Ground out 6-3 (Groundball, 6, EV 81.9 MPH)
|
|
Batting: LHB Bob Neale
|
0-0: DOUBLE (Line Drive, 3D, EV 98.1 MPH)
|
|
Batting: RHB Soichi Kaneshiro
|
0-0: Called Strike 0-1: Foul Ball, location: 2F 0-2: Strikes out swinging
|
| Top of the 5th over - 0 runs, 1 hit, 0 errors, 1 left on base; Stanford University 0 - University of South Carolina 5 |
| BOTTOM OF THE 5TH |
|
University of South Carolina Gamecocks batting - Pitching for Stanford University Cardinal : LHP Chris Hoebing
|
|
Batting: LHB Bruce Daley
|
0-0: Called Strike 0-1: Ball 1-1: Ball 2-1: Ball 3-1: Ground out 4-3 (Groundball, 34, EV 101.2 MPH)
|
|
Batting: RHB Pablo Henriquez
|
0-0: Ball 1-0: Ball 2-0: Ball 3-0: Swinging Strike 3-1: Called Strike 3-2: Ground out 5-3 (Groundball, 5L, EV 102.5 MPH)
|
|
Batting: RHB Colin Morris
|
0-0: Ground out 6-3 (Groundball, 56D, EV 103.1 MPH)
|
| Bottom of the 5th over - 0 runs, 0 hits, 0 errors, 0 left on base; Stanford University 0 - University of South Carolina 5 |
| TOP OF THE 6TH |
|
Stanford University Cardinal batting - Pitching for University of South Carolina Gamecocks : RHP Jayden Ross
|
|
Batting: RHB Joe Gabriel
|
0-0: Foul Ball, location: 2F 0-1: Ball 1-1: Ball 2-1: Ball 3-1: Called Strike 3-2: Base on Balls
|
|
Batting: RHB Troy Bush
|
0-0: Ball 1-0: Ball 2-0: SINGLE (Line Drive, 9S, EV 106.2 MPH) Joe Gabriel to second
|
|
Batting: RHB Guillermo Puente
|
0-0: Swinging Strike 0-1: Ball 1-1: Swinging Strike 1-2: Ball 2-2: Ball 3-2: Base on Balls Joe Gabriel to third Troy Bush to second
|
|
Batting: SHB Danny Gallegos
|
0-0: Fly out, F7 (Line Drive, 78M, EV 101.9 MPH) Runner from 3rd tags up, SCORES, throw by LF
|
|
Pitching: RHP Silvian Mans
|
|
|
Now in LF: Alex Vazquez
|
|
|
Pinch Hitting: RHB Willie Carmona
|
0-0: 3-RUN HOME RUN (Flyball, 78XD, EV 104.4 MPH), Distance : 428 ft
|
|
Batting: RHB Ryan Jennings
|
0-0: Called Strike 0-1: Foul Ball, location: 2F 0-2: Foul Ball, location: 2F 0-2: Strikes out swinging
|
|
Pinch Hitting: RHB Kazumi Inouye
|
0-0: SINGLE (Line Drive, 4D, EV 94.4 MPH)
|
|
Batting: LHB Bob Neale
|
0-0: Called Strike 0-1: Ball 1-1: Ball 2-1: Ball 3-1: Ground out 1-3 (Groundball, 13, EV 65.6 MPH)
|
| Top of the 6th over - 4 runs, 3 hits, 0 errors, 1 left on base; Stanford University 4 - University of South Carolina 5 |
| BOTTOM OF THE 6TH |
|
University of South Carolina Gamecocks batting - Pitching for Stanford University Cardinal : LHP Chris Hoebing
|
|
Now at 2B: Kazumi Inouye
|
|
|
Now at 3B: Willie Carmona
|
|
|
Batting: RHB Christopher Arnett
|
0-0: Ball 1-0: Ball 2-0: Called Strike 2-1: Ball 3-1: Base on Balls
|
|
Batting: RHB Mike Chiquete
|
0-0: Ground out U3 (Groundball, 34S, EV 68.1 MPH) Christopher Arnett to second
|
|
Batting: RHB Emanuel Estrada
|
0-0: Intentional Walk
|
|
Batting: LHB Alex Vazquez
|
0-0: Ball 1-0: Ball 2-0: 3-RUN HOME RUN (Flyball, 89XD, EV 103.8 MPH), Distance : 406 ft
|
|
Pitching: LHP Larry Steen
|
|
|
Batting: LHB Jose Mafano
|
0-0: Ball 1-0: Ball 2-0: Ball 3-0: Base on Balls
|
|
Batting: RHB Danny Rodriguez
|
0-0: Ball 1-0: Called Strike 1-1: Foul Ball, location: 2F 1-2: SINGLE (Line Drive, 89S, EV 106.9 MPH) Jose Mafano to second
|
|
Batting: LHB Bruce Daley
|
0-0: Ball 1-0: Ball 2-0: Ball 3-0: Base on Balls Jose Mafano to third Danny Rodriguez to second
|
|
Batting: RHB Pablo Henriquez
|
0-0: Ball 1-0: Ball 2-0: Called Strike 2-1: Ball 3-1: Called Strike 3-2: Fly out, F9 (Line Drive, 9S, EV 106.2 MPH)
|
|
Pitching: RHP Kyle Cannon
|
|
|
Batting: RHB Colin Morris
|
0-0: Called Strike 0-1: Foul Ball, location: 2F 0-2: Ball 1-2: Strikes out swinging
|
| Bottom of the 6th over - 3 runs, 2 hits, 0 errors, 3 left on base; Stanford University 4 - University of South Carolina 8 |
| TOP OF THE 7TH |
|
Stanford University Cardinal batting - Pitching for University of South Carolina Gamecocks : RHP Silvian Mans
|
|
Pinch Hitting: RHB Josh Benefield
|
0-0: Swinging Strike 0-1: Ground out 5-3 (Groundball, 5, EV 90.6 MPH)
|
|
Pinch Hitting: LHB Bryan Davidson
|
0-0: Ball 1-0: Foul Ball, location: 2F 1-1: Called Strike 1-2: Foul Ball, location: 2F 1-2: Foul Ball, location: 2F 1-2: Fly out, F8 (Flyball, 8LM, EV 81.9 MPH)
|
|
Batting: RHB Troy Bush
|
0-0: Ball 1-0: Foul Ball, location: 2F 1-1: Called Strike 1-2: Foul Ball, location: 2F 1-2: SINGLE (Line Drive, 7S, EV 105.0 MPH)
|
|
Batting: RHB Guillermo Puente
|
0-0: Called Strike 0-1: Ball 1-1: Foul Ball, location: 2F 1-2: Foul Ball, location: 2F 1-2: Foul Ball, location: 2F 1-2: Ball 2-2: Foul Ball, location: 2F 2-2: Ball 3-2: Base on Balls Troy Bush to second
|
|
Pitching: LHP Josh Schmidt
|
|
|
Batting: SHB Danny Gallegos
|
0-0: Ball 1-0: Swinging Strike 1-1: Foul Ball, location: 2F 1-2: Foul Ball, location: 2F 1-2: Ball 2-2: Foul Ball, location: 2F 2-2: Strikes out swinging
|
| Top of the 7th over - 0 runs, 1 hit, 0 errors, 2 left on base; Stanford University 4 - University of South Carolina 8 |
| BOTTOM OF THE 7TH |
|
University of South Carolina Gamecocks batting - Pitching for Stanford University Cardinal : RHP Kyle Cannon
|
|
Now in LF: Bryan Davidson
|
|
|
Now in RF: Josh Benefield
|
|
|
Batting: RHB Christopher Arnett
|
0-0: Called Strike 0-1: Fly out, F8 (Flyball, 78D, EV 86.2 MPH)
|
|
Batting: RHB Mike Chiquete
|
0-0: Called Strike 0-1: SINGLE (Line Drive, 3D, EV 99.4 MPH)
|
|
Batting: RHB Emanuel Estrada
|
0-0: Ball 1-0: SINGLE (Groundball, 5S, EV 62.5 MPH) (infield hit) Mike Chiquete to second
|
|
Batting: LHB Alex Vazquez
|
0-0: Ball 1-0: Foul Ball, location: 2F 1-1: Ball 2-1: Called Strike 2-2: Strikes out swinging
|
|
Batting: LHB Jose Mafano
|
0-0: Ball 1-0: Swinging Strike 1-1: Called Strike 1-2: Ball 2-2: Ball 3-2: Foul Ball, location: 2F 3-2: Foul Ball, location: 2F 3-2: Fly out, F9 (Flyball, 9, EV 85.0 MPH)
|
| Bottom of the 7th over - 0 runs, 2 hits, 0 errors, 2 left on base; Stanford University 4 - University of South Carolina 8 |
| TOP OF THE 8TH |
|
Stanford University Cardinal batting - Pitching for University of South Carolina Gamecocks : LHP Josh Schmidt
|
|
Pitching: RHP Takuzo Sato
|
|
|
Batting: RHB Willie Carmona
|
0-0: Swinging Strike 0-1: Called Strike 0-2: Strikes out swinging
|
|
Batting: RHB Ryan Jennings
|
0-0: Called Strike 0-1: Ball 1-1: Swinging Strike 1-2: Ball 2-2: Strikes out swinging
|
|
Batting: RHB Kazumi Inouye
|
0-0: Called Strike 0-1: Foul Ball, location: 2F 0-2: Strikes out swinging
|
| Top of the 8th over - 0 runs, 0 hits, 0 errors, 0 left on base; Stanford University 4 - University of South Carolina 8 |
| BOTTOM OF THE 8TH |
|
University of South Carolina Gamecocks batting - Pitching for Stanford University Cardinal : RHP Kyle Cannon
|
|
Pitching: RHP Steven Townsend
|
|
|
Batting: RHB Danny Rodriguez
|
0-0: Called Strike 0-1: Called Strike 0-2: Fly out, F8 (Flyball, 8RS, EV 91.9 MPH)
|
|
Batting: LHB Bruce Daley
|
0-0: Called Strike 0-1: SINGLE (Groundball, 6D, EV 99.4 MPH)
|
|
Batting: RHB Pablo Henriquez
|
0-0: Ball 1-0: Ball 2-0: Foul Ball, location: 2F 2-1: Swinging Strike 2-2: Ball 3-2: Foul Ball, location: 2F 3-2: Strikes out looking
|
|
Batting: RHB Colin Morris
|
0-0: Foul Ball, location: 2F 0-1: Ball 1-1: Ground out 2-3 (Groundball, 2L, EV 65.6 MPH)
|
| Bottom of the 8th over - 0 runs, 1 hit, 0 errors, 1 left on base; Stanford University 4 - University of South Carolina 8 |
| TOP OF THE 9TH |
|
Stanford University Cardinal batting - Pitching for University of South Carolina Gamecocks : RHP Takuzo Sato
|
|
Pitching: RHP John Martin
|
|
|
Batting: LHB Chien Sam
|
0-0: Ball 1-0: Called Strike 1-1: Foul Ball, location: 2F 1-2: Foul Ball, location: 2F 1-2: Foul Ball, location: 2F 1-2: Fly out, F9 (Flyball, 9D, EV 94.4 MPH)
|
|
Batting: RHB Josh Benefield
|
0-0: Ball 1-0: Called Strike 1-1: Ground out 6-3 (Groundball, 6, EV 82.5 MPH)
|
|
Batting: LHB Bryan Davidson
|
0-0: Ball 1-0: Ball 2-0: Foul Ball, location: 2F 2-1: Ball 3-1: Called Strike 3-2: Fly out, F9 (Flyball, 9LS, EV 77.5 MPH)
|
| Top of the 9th over - 0 runs, 0 hits, 0 errors, 0 left on base; Stanford University 4 - University of South Carolina 8 |
|